 Dungeon Crawl Stone Soup version 0.28.0-43-g3370ac3207 (webtiles) character file.

Game seed: 3084039421010057853

44 weregamer the Ducker (level 3, -1/15 HPs)
             Began as a Felid Transmuter on Mar 31, 2022.
             Slain by a gnoll
             ... wielding a +0 halberd
              (12 damage)
             ... on level 2 of the Dungeon on Apr 1, 2022.
             The game lasted 00:09:48 (1992 turns).

weregamer the Ducker (Felid Transmuter)             Turns: 1992, Time: 00:09:48

Health: -1/15      AC:  1    Str:  6    XL:     3   Next: 39%
Magic:  6/7        EV: 18    Int: 14    God:
Gold:   81         SH:  0    Dex: 18    Spells: 3/6 levels left
                                        Lives:  0   Deaths: 0

rFire   . . .      SeeInvis +     - Unarmed
rCold   . . .      Faith    .   (shield unavailable)
rNeg    . . .      Spirit   .   (armour unavailable)
rPois   .          Reflect  .   (helmet unavailable)
rElec   .          Harm     .   (cloak unavailable)
rCorr   .          Rampage  .   (gloves unavailable)
Will    .....                   (boots unavailable)
Stlth   ++........              (no amulet)
HPRegen 0.05/turn               (no ring)
MPRegen 0.10/turn               (no ring)

@: appendages (expiring), quick
A: horns 2, very small, claws 1, fangs 3, see invisible, speed 1, shaggy fur 1,
stealthy paws, no weapons or thrown items, no armour, multi-lived
a: End Transformation


You were on level 2 of the Dungeon.
You had temporarily grown beastly horns.
You visited 1 branch of the dungeon, and saw 2 of its levels.

You collected 81 gold pieces.

Inventory:

Scrolls
 a - a scroll of vulnerability
 e - a scroll of immolation {unknown}
 f - a scroll of noise {unknown}
Potions
 b - 2 potions of attraction


   Skills:
 - Level 1.0 Fighting
 + Level 3.4 Dodging
 * Level 3.0 Stealth
 - Level 3.0 Unarmed Combat
 - Level 2.0 Spellcasting
 + Level 2.9 Transmutations


You had 3 spell levels left.
You knew the following spells:

 Your Spells              Type           Power      Damage    Failure   Level
a - Beastly Appendage     Tmut           18%        N/A       8%          1
b - Wereblood             Tmut           9%         N/A       11%         2

Your spell library contained the following spells:

 Spells                   Type           Power      Damage    Failure   Level
 Spider Form              Tmut/Pois      5%         N/A       36%         3
 Ignite Poison            Fire/Tmut/Pois 4%         N/A       43%         3
 Conjure Flame            Conj/Fire      1%         6-21      56%         3
 Dazzling Flash           Conj/Hex       2%         N/A       56%         3
 Ice Form                 Ice/Tmut       5%         N/A       78%         4
 Iskenderun's Mystic Bla  Conj/Tloc      1%         2d3       93%         4
 Sticky Flame             Conj/Fire      1%         2d3       93%         4
 Starburst                Conj/Fire      0%         6d3       100%        6


Dungeon Overview and Level Annotations

Branches:
Dungeon (2/15)

Altars:


Innate Abilities, Weirdness & Mutations

You have temporarily grown beastly horns.
You have sharp claws.
You have razor-sharp teeth.
You have supernaturally acute eyesight. (SInv)
You cover ground quickly. (Speed+)
You are covered in fur. (AC +1)
Your paws help you pounce on unaware monsters.
You are incapable of wielding weapons or throwing items.
You cannot wear armour.
You gain extra lives every three experience levels.


Message History

You closely miss the goblin. Your bite misses the goblin.
The goblin barely misses you.
You scratch the goblin. You headbutt the goblin. You claw the goblin.
You kill the goblin!
Your transformation is almost over.
There is an open door here.
Your horns disappear.
A gnoll comes into view. It is wielding a +0 halberd.
Casting: Beastly Appendage (safe; 8% risk of failure)
Confirm with . or Enter, or press ? or * to list all spells.
You grow a pair of large bovine horns.
The gnoll shouts!
You hear a shout!
A gnoll comes into view. It is wielding a +0 halberd.
Your transformation is almost over.
Your horns disappear.
A gnoll is nearby!
Casting: Beastly Appendage (safe; 8% risk of failure)
Confirm with . or Enter, or press ? or * to list all spells.
You grow a pair of large bovine horns.
Casting: Beastly Appendage (safe; 8% risk of failure)
Confirm with . or Enter, or press ? or * to list all spells.
You extend your transformation's duration.
You scratch the gnoll but do no damage. You bite the gnoll.
The gnoll is moderately wounded.
The gnoll hits you with a +0 halberd.
You barely miss the gnoll.
The gnoll is moderately wounded.
The gnoll misses you.
You closely miss the gnoll. You bite the gnoll, but do no damage.
The gnoll is moderately wounded.
The gnoll barely misses you.
You scratch the gnoll.
The gnoll is moderately wounded.
The gnoll misses you.
You scratch the gnoll. Your headbutt misses the gnoll.
The gnoll is severely wounded.
Your transformation is almost over.
The gnoll hits you with a +0 halberd!
Ouch! That really hurt!
You die...

### ### #.############.# .# #
#..........@g..##.# #
#.############.##.# # #.# #.##.#
# #.## #.##.# ######..## #g##.#
.........##########.##.##########
##...............................
##.###.......####.#.##.##.#######
##.#......)..####.#.##.##.#


You could see a gnoll.

Vanquished Creatures
  An adder (D:2)
  A dart slug (D:1)
  3 endoplasms
  6 goblins
  A hobgoblin (D:1)
  2 quokkas (D:1)
  4 ball pythons
  5 bats
  2 frilled lizards
  3 kobolds
  5 rats
33 creatures vanquished.

Notes
Turn   | Place    | Note
-------+----------+-------------------------------------------
     0 | D:1      | weregamer the Felid Transmuter began the quest for the Orb.
     0 | D:1      | Reached XP level 1. HP: 9/9 MP: 4/4
   255 | D:1      | Reached skill level 1 in Stealth
   589 | D:1      | Reached XP level 2. HP: 9/12 MP: 6/6
   796 | D:1      | Learned a level 2 spell: Wereblood
  1477 | D:2      | Reached XP level 3. HP: 15/15 MP: 5/7
  1992 | D:2      | Slain by a gnoll

Illustrated notes

Levels and vault maps discovered:
D:1:      dpeg_arrival_rooms_a, layout_basic
D:2:      layout_basic, kennysheep_generic_room_3

Skill      XL: |  1  2  3 |
---------------+----------+-----
Stealth        | 1 2 3 |  3.0
Dodging        | 3 |  3.4
Fighting       | |  1.0
Unarmed Combat | |  3.0
Spellcasting   | |  2.0
Transmutations | |  2.9

Action                   || total
-------------------------++-------
Melee: Unarmed           ||    67
       Headbutt          ||     7
       Bite              ||     4
       Punch             ||     2
 Cast: Beastly Appendage ||    27
       Wereblood         ||     3
  Use: Scroll            ||     4
 Stab: Sleeping          ||    10
Armor: Skin              ||     4
Dodge: Dodged            ||    54
